 Dungeon Crawl Stone Soup version 0.25.0-10-g039870ee82 (webtiles) character file.

Game seed: 1921423247109854801

1360 Matador8 the Sneak (level 8, -4/67 HPs)
             Began as a Naga Skald on June 23, 2020.
             Was a Believer of Zin.
             Slain by a centaur (7 damage)
             ... on level 6 of the Dungeon.
             The game lasted 00:41:36 (7383 turns).

Matador8 the Sneak (Naga Skald)                     Turns: 7383, Time: 00:41:37

Health: -4/67      AC:  8    Str: 13    XL:     8   Next: 64%
Magic:  5/11       EV:  7    Int: 15    God:    Zin [**....]
Gold:   183        SH:  0    Dex: 12    Spells: 5/11 levels left

rFire    . . .     SeeInvis +   v - +0 trident
rCold    . . .     Gourm    .   (no shield)
rNeg     . . .     Faith    .   b - +0 leather armour
rPois    +         Spirit   .   (no helmet)
rElec    .         Reflect  .   (no cloak)
rCorr    .         Harm     .   (no gloves)
MR       +....                  h - +0 naga barding
Stlth    +++.......             (no amulet)
HPRegen  0.21/turn              (no ring)
MPRegen  0.12/turn              (no ring)

@: reciting, very slightly contaminated, very slow
A: large, see invisible, deformed body, poison resistance, slowness 2, slow
metabolism 1, spit poison 1, AC +2
a: Spit Poison, Recite, Vitalisation, Donate Gold, Renounce Religion


You were on level 6 of the Dungeon.
You worshipped Zin.
Zin was pleased with you.
You were near starving.

You visited 1 branch of the dungeon, and saw 6 of its levels.

You collected 223 gold pieces.
You donated 40 gold pieces to Zin.

Inventory:

Hand Weapons
 a - a +0 spear
 v - a +0 trident (weapon)
Armour
 b - a +0 leather armour (worn)
 h - a +0 naga barding (worn)
 p - a +0 ring mail
 z - a +0 plate armour
Jewellery
 k - an uncursed amulet of guardian spirit {unknown}
 m - an uncursed ring of protection from magic {unknown}
 s - a +4 ring of protection {unknown}
Wands
 q - a wand of random effects (12)
 x - a wand of digging (6)
 y - a wand of iceblast (11)
Scrolls
 c - a scroll of blinking {unknown}
 l - 2 scrolls of identify
 n - 4 scrolls of remove curse
 t - 4 scrolls of enchant armour
 u - 6 scrolls of amnesia
 w - 3 scrolls of teleportation
Potions
 e - a potion of mutation {unknown}
 f - 3 potions of invisibility {unknown}
 g - a potion of cancellation {unknown}
 i - a potion of curing {unknown}
 j - 3 potions of degeneration {unknown}
 o - 2 potions of lignification {unknown}
 r - a potion of resistance {unknown}
Comestibles
 d - 7 rations


   Skills:
 - Level 2.0 Fighting
 + Level 5.5 Polearms
 - Level 0.7 Armour
 - Level 1.5 Dodging
 - Level 6.0 Stealth
 + Level 2.0 Spellcasting
 - Level 3.2 Hexes
 + Level 5.6 Charms
 - Level 3.1 Translocations
 - Level 4.0 Invocations


You had 5 spell levels left.
You knew the following spells:

 Your Spells              Type           Power        Failure   Level  Hunger
a - Infusion              Chrm           ###.         2%          1    #......
b - Shroud of Golubria    Chrm/Tloc      ##....       7%          2    ###....
c - Spectral Weapon       Hex/Chrm       ##......     14%         3    ###....

Your spell library contained the following spells:

 Spells                   Type           Power        Failure   Level  Hunger
 Song of Slaying          Chrm           ###.....     4%          2    ###....
 Ozocubu's Armour         Chrm/Ice       ##......     26%         3    ###....
 Summon Small Mammal      Summ           #...         28%         1    #......
 Call Imp                 Summ           #.......     38%         2    ###....
 Summon Guardian Golem    Hex/Summ       #.......     41%         3    ###....
 Call Canine Familiar     Summ           #.......     63%         3    ###....
 Summon Ice Beast         Ice/Summ       #.......     95%         4    #####..
 Summon Lightning Spire   Summ/Air       #.......     95%         4    #####..


Dungeon Overview and Level Annotations

Branches:
Dungeon (6/15)             Temple (0/1) D:4

Altars:
Ashenzari
Dithmenos
Elyvilon
Hepliaklqana
Nemelex Xobeh
Ru
Sif Muna
Zin

Annotations:
D:2 1 runed translucent door, Crazy Yiuf
D:5 exclusion: door


Innate Abilities, Weirdness & Mutations

You cannot wear boots.
Your serpentine skin is tough. (AC +2)
You have supernaturally acute eyesight. (SInv)
Armour fits poorly on your strangely shaped body.
Your system is resistant to poisons. (rPois)
You cover ground very slowly.
You have a slow metabolism.
You can spit poison.


Message History

You hit the centaur but do no damage.
The centaur is heavily wounded.
Your spectral weapon barely misses the centaur.
The centaur hits you.
* * * LOW HITPOINT WARNING * * *
You barely miss the centaur.
The centaur is heavily wounded.
Your spectral weapon barely misses the centaur.
The centaur hits you!
* * * LOW HITPOINT WARNING * * *
The centaur hits you. Zin protects you from harm!
You clear your throat and prepare to recite. "The squalid dregs stood before Zin, and in that instant..."
The centaur barely misses you.
You barely miss the centaur.
The centaur is heavily wounded. "...they knew they would be found guilty of uncleanliness..."
Your spectral weapon hits the centaur.
The centaur hits you!
You die...

#....(.....'.<#
#########..........####
#....##..........###
##########....##..........#######
...(..........'................>.
.((#(.........##.##..####.#.#####
##.#.......#####.....## #.#.).)..
..#...........(.##...# #.#.###)#
o..'...........c@(.##.###.#.# #.#
..##............##(##...).#.###.#
.. ########.....##..#####)[......
#. #.....###.....)...#.### ..
#.....# #.........#.###
#.....###.........#....
...######..........#...# .....
#..........###.# .......
#..........# #.#


You could see a centaur and a friendly spectral +0 trident.

Vanquished Creatures
  Grinder (D:5)
  2 ogres
  3 scorpions
  A crimson imp (D:5)
  A bullfrog zombie (D:5)
  A jelly (D:6)
  A hound (D:5)
  5 orc priests
  3 bullfrog skeletons
  A centaur skeleton (D:5)
  6 orc wizards
  An iguana (D:6)
  4 worker ants
  A worker ant zombie (D:3)
  7 adders
  2 oozes
  3 worms
  2 dart slugs
  3 leopard geckos
  12 orcs
  3 ball pythons
  3 giant cockroaches
  4 goblins
  6 hobgoblins
  12 jackals
  A quokka (D:5)
  10 bats
  4 frilled lizards
  8 kobolds
  8 rats
119 creatures vanquished.

Notes
Turn   | Place    | Note
-------+----------+-------------------------------------------
     0 | D:1      | Matador8 the Naga Skald began the quest for the Orb.
     0 | D:1      | Reached XP level 1. HP: 19/19 MP: 3/3
   175 | D:1      | Reached skill level 1 in Stealth
   341 | D:1      | Reached XP level 2. HP: 26/26 MP: 0/5
   345 | D:1      | Learned a level 2 spell: Shroud of Golubria
  1348 | D:2      | Reached skill level 2 in Stealth
  1621 | D:2      | Reached XP level 3. HP: 32/32 MP: 3/6
  1684 | D:2      | Reached skill level 1 in Translocations
  1741 | D:2      | Found a runed translucent door.
  1742 | D:2      | Noticed Crazy Yiuf
  1828 | D:2      | Found a white marble altar of Elyvilon.
  1857 | D:2      | Noticed an ogre
  2113 | D:2      | Reached skill level 3 in Stealth
  2113 | D:2      | Reached XP level 4. HP: 39/39 MP: 7/7
  2334 | D:3      | Found a sacrificial altar of Ru.
  2653 | D:3      | Learned a level 3 spell: Spectral Weapon
  2676 | D:3      | Reached XP level 5. HP: 42/45 MP: 3/8
  2765 | D:3      | Found a glowing silver altar of Zin.
  2775 | D:3      | Became a worshipper of Zin the Law-Giver
  2776 | D:3      | Donated 18 gold pieces to Zin
  2859 | D:3      | Reached * piety under Zin
  3497 | D:4      | Reached skill level 4 in Stealth
  3497 | D:4      | Reached skill level 1 in Hexes
  3722 | D:4      | Reached XP level 6. HP: 49/52 MP: 3/9
  4547 | D:4      | Found a shattered altar of Ashenzari.
  4589 | D:4      | Found a staircase to the Ecumenical Temple.
  4802 | D:5      | Entered Level 5 of the Dungeon
  4862 | D:5      | Reached ** piety under Zin
  4941 | D:5      | Noticed an ice beast
  4973 | D:5      | Reached XP level 7. HP: 50/60 MP: 10/10
  4979 | D:5      | Reached skill level 1 in Invocations
  5094 | D:5      | Found a shadowy altar of Dithmenos.
  5107 | D:5      | Noticed Grinder
  5309 | D:5      | Killed Grinder
  5759 | D:6      | Found a shimmering blue altar of Sif Muna.
  6083 | D:5      | Reached skill level 5 in Charms
  6083 | D:5      | Reached XP level 8. HP: 66/67 MP: 7/11
  6365 | D:6      | Found a sparkling altar of Nemelex Xobeh.
  6424 | D:6      | Reached skill level 5 in Polearms
  6432 | D:6      | Reached skill level 5 in Stealth
  6543 | D:6      | Found a hazy altar of Hepliaklqana.
  7228 | D:6      | Reached skill level 6 in Stealth
  7381 | D:6      | HP: 3/67 [centaur (7)]
  7381 | D:6      | Zin protects you from harm!
  7383 | D:6      | Slain by a centaur

Illustrated notes

Levels and vault maps discovered:
D:1:      mushboom_english_gardens, layout_loops_ring
D:2:      layout_rooms, elyvilon_altar_5, serial_forest,
          infiniplex_forest_clump_small, infiniplex_forest_zigzag_2,
          infiniplex_forest_end_2, infiniplex_forest_diagonal,
          infiniplex_forest_lined_1, infiniplex_forest_clump_C,
          infiniplex_forest_lined_room_3, corexii_leaking_fountain,
          uniq_crazy_yiuf_cottage
D:3:      layout_basic, overflow_temple_1_default,
          nicolae_ru_sacrificial_ziggurat
D:4:      layout_gridville, ashenzari_conservatory_becter,
          minmay_temple_entry_enclosed_plants
D:5:      kennysheep_six_static_rooms, layout_basic, first_ration,
          nicolae_dithmenos_shadow_blocks, uniq_grinder
D:6:      layout_basic, kennysheep_mini_moat, lemuel_doored_altar,
          nicolae_overflow_crystal_walls, enter_ossuary_2

Skill      XL: |  1  2  3  4  5  6  7  8 |
---------------+-------------------------+-----
Stealth        | 1 2 3 4 6 |  6.0
Translocations | 1 2 3 |  3.1
Polearms       | 3 4 5 |  5.5
Hexes          | 1 2 3 |  3.2
Charms         | 4 5 |  5.6
Invocations    | 2 4 |  4.0
Fighting       | |  2.0
Armour         | |  0.7
Dodging        | |  1.5
Spellcasting   | |  2.0

Action                   |  1- 3 |  4- 6 |  7- 9 || total
-------------------------+-------+-------+-------++-------
Melee: Spear             |   113 |   175 |       ||   288
       Trident           |       |    27 |   204 ||   231
 Cast: Infusion          |    17 |    16 |     2 ||    35
       Shroud of Golubri |     6 |     8 |    10 ||    24
       Spectral Weapon   |       |       |     8 ||     8
Invok: Donate Gold       |       |     1 |       ||     1
       Vitalisation      |       |       |     1 ||     1
       Recite            |       |       |     2 ||     2
 Abil: Spit Poison       |     3 |    20 |    15 ||    38
  Use: Scroll            |       |       |     5 ||     5
 Stab: Sleeping          |     2 |     1 |     1 ||     4
       Distracted        |       |       |     1 ||     1
  Eat: Chunk             |     3 |     5 |     2 ||    10
       Ration            |       |     1 |     2 ||     3
Armor: Leather armour    |    48 |    99 |   113 ||   260
Dodge: Dodged            |    50 |    84 |    78 ||   212
